 Dungeon Crawl Stone Soup version 0.17.0-27-g4a3f43e (webtiles) character file.

713917 4thArraOfDagon the Intangible (level 26, -11/221 HPs)
             Began as a Minotaur Berserker on Nov 21, 2015.
             Was the Champion of Cheibriados.
             Mangled by an Ice Fiend (26 damage)
             ... in Pandemonium.
             The game lasted 03:16:13 (22978 turns).

4thArraOfDagon the Intangible (Minotaur Berserker) Turns: 22978, Time: 03:16:13

Health: -11/221    AC: 32    Str: 49    XL:     26   Next: 43%
Magic:  0/18       EV: 38    Int: 36    God:    Cheibriados [******]
Gold:   1648       SH: 33    Dex: 31    Spells: 7 memorised, 11 levels left

rFire  + . .     SeeInvis +     f - +10 morningstar "Saduth" {crush, rElec rF+ Str+4}
rCold  + . .     Clarity  .     O - +8 chain mail of Abuotz {+Inv MR++ MP-9 Dex+4}
rNeg   + + .     SustAt   .     y - +4 large shield {reflect}
rPois  .         Gourm    .     o - +2 hat {Spirit}
rElec  +         Spirit   +     B - +2 cloak {MR+}
rCorr  .         Warding  +     e - +2 pair of gloves {Str+3}
rMut   .         Stasis   .     a - +2 pair of boots
MR     ++++.                    S - amulet of warding
Stlth  ..........               F - ring of the Scarab {+Fly rN+ Dex+6}
                                E - ring "Jov Sui" {rC+ Int+9 Dex-5 SInv}

@: lethally poisoned (-11 -> -13), very slightly contaminated, studying 2
skills, very slow, incredibly resistant to hostile enchantments, extremely
unstealthy
A: retaliatory headbutt, beak, horns 2, blurry vision 2, breathe flames 1,
deformed body, frail 1, low mp 1, strong 1
a: Bend Time, Temporal Distortion, Slouch, Step From Time, Renounce Religion,
Breathe Fire, Evoke Invisibility, Evoke Flight
}: 8/15 runes: barnacled, slimy, silver, golden, abyssal, demonic, glowing,
gossamer


You were in Pandemonium.
You worshipped Cheibriados.
Cheibriados was exalted by your worship.
You were not hungry.

You visited 12 branches of the dungeon, and saw 60 of its levels.
You visited Pandemonium 1 time, and saw 8 of its levels.
You visited the Abyss 1 time.
You also visited: Sewer.

You collected 4489 gold pieces.
You spent 2841 gold pieces at shops.

Inventory:

Hand Weapons
 f - the +10 morningstar "Saduth" (weapon) {crush, rElec rF+ Str+4}
   (You bought it in a shop on level 8 of the Dungeon)

   It inflicts extra damage upon your enemies.
   It affects your strength (+4).
   It protects you from fire.
   It insulates you from electricity.
 z - a +9 vampiric morningstar
Missiles
 b - 7 throwing nets (quivered)
Armour
 a - a +2 pair of boots (worn)
 e - a +2 pair of gloves of strength (worn)
 o - a +2 hat of spirit shield (worn)
 y - a +4 large shield of reflection (worn)
 B - a +2 cloak of magic resistance (worn)
 C - the +3 large shield of the Kettle-Drum {rElec rF+ MP+9 Dex+2}
   (You took it off a daeva in Pandemonium)

   It affects your dexterity (+2).
   It protects you from fire.
   It insulates you from electricity.
   It affects your magic capacity (+9).
 O - the +8 chain mail of Abuotz (worn) {+Inv MR++ MP-9 Dex+4}
   (You found it on level 3 of the Elven Halls)

   It affects your dexterity (+4).
   It affects your resistance to hostile enchantments.
   It affects your magic capacity (-9).
   It lets you turn invisible.
Jewellery
 j - the amulet "Aneacs" {rCorr rF+ Str+3 Dex+4}
   (You took it off a deep elf death mage on level 3 of the Elven Halls)

   [amulet of resist corrosion]

   It protects you from acid and corrosion.
   It affects your strength (+3).
   It affects your dexterity (+4).
   It protects you from fire.
 m - an uncursed ring of positive energy
 q - the ring of Bifoyrast {*Corrode rPois rF+++ Dex+4}
   (You bought it in a shop on level 4 of the Orcish Mines)

   [ring of dexterity]

   It affects your dexterity (+4).
   It renders you almost immune to fire.
   It protects you from poison.
   It may corrode your equipment when you take damage.
 v - the ring "Xiustre" {+/*Tele rElec rPois Str+4}
   (You found it on level 3 of the Tomb of the Ancients)

   [ring of teleportation]

   It may teleport you to nearby monsters, and can be evoked to randomly
   teleport.
   It affects your strength (+4).
   It insulates you from electricity.
   It protects you from poison.
 D - the amulet of Lurriasi {Clar rElec rF- Int+8}
   (You found it on level 1 of the Vaults)

   [amulet of clarity]

   It provides mental clarity.
   It affects your intelligence (+8).
   It makes you vulnerable to fire.
   It insulates you from electricity.
 E - the ring "Jov Sui" (left hand) {rC+ Int+9 Dex-5 SInv}
   (You found it on level 3 of the Elven Halls)

   [ring of see invisible]

   It affects your intelligence (+9).
   It affects your dexterity (-5).
   It protects you from cold.
   It lets you see invisible.
 F - the ring of the Scarab (right hand) {+Fly rN+ Dex+6}
   (You took it off a deep elf sorcerer on level 3 of the Elven Halls)

   [ring of flight]

   It affects your dexterity (+6).
   It protects you from negative energy.
   It lets you fly.
 G - the ring of Curiosity {rElec rF- Int+3 Dex+4 SInv}
   (You found it on level 3 of the Elven Halls)

   [ring of see invisible]

   It affects your intelligence (+3).
   It affects your dexterity (+4).
   It makes you vulnerable to fire.
   It insulates you from electricity.
   It lets you see invisible.
 Q - the ring of Xom's Best Wishes {MP+9 Dex+4}
   (You found it on level 3 of the Tomb of the Ancients)

   [ring of magical power]

   It affects your dexterity (+4).
   It affects your magic capacity (+9).
 S - an amulet of warding (around neck)
 T - an uncursed amulet of regeneration
Wands
 l - a wand of invisibility (5)
 A - a wand of digging (12)
 R - a wand of slowing (0)
 X - a wand of disintegration (3)
Scrolls
 d - 12 scrolls of remove curse
 k - a scroll of holy word
 n - a scroll of fog
 x - 3 scrolls of recharging
 H - 2 scrolls of blinking
 L - a scroll of identify
Potions
 g - a potion of invisibility
 i - 3 potions of brilliance
 p - a potion of flight
 r - a potion of curing
 u - a potion of agility
 w - 3 potions of cancellation
 J - a potion of cure mutation
 K - 3 potions of ambrosia
 M - 2 potions of lignification
 U - a potion of might
 V - 2 potions of heal wounds
Books
 t - Virchuygu's Incunabulum of Icy Augmentations
   (You found it in Pandemonium)

   Spells                             Type                      Level
   a - Freeze                         Ice                          1
   b - Regeneration                   Charms/Necromancy            3
   c - Ozocubu's Armour               Charms/Ice                   3
   d - Excruciating Wounds            Charms/Necromancy            5
   e - Freezing Cloud                 Conjuration/Ice/Air          6
 W - a manual of Stealth
 Z - a manual of Necromancy
Miscellaneous
 h - 2 phantom mirrors
 s - a fan of gales
 I - a phial of floods
 N - a lamp of fire
 P - a box of beasts {used: 4}
Comestibles
 c - 9 bread rations
 Y - 13 meat rations


   Skills:
 - Level 22.0 Fighting
   Level 14.7(16.7) Axes
 - Level 13.9(16.3) Maces & Flails
 - Level 20.0 Armour
 O Level 27 Dodging
 - Level 19.2 Shields
 - Level 5.8 Spellcasting
 - Level 1.0 Charms
 * Level 5.5 Necromancy
 - Level 9.7 Translocations
 - Level 11.5 Invocations
 - Level 8.5 Evocations


You had 11 spell levels left.
You knew the following spells:

 Your Spells              Type           Power        Failure   Level  Hunger
a - Apportation           Tloc           ######....   1%          1    None
b - Blink                 Tloc           N/A          1%          2    None
c - Passage of Golubria   Tloc           N/A          2%          4    ##.....
d - Cure Poison           Pois           ##........   24%         2    None
e - Controlled Blink      Tloc           N/A          100%        8    #######
f - Phase Shift           Tloc           ######....   10%         5    ####...
g - Regeneration          Chrm/Necr      ####......   12%         3    None


Dungeon Overview and Level Annotations

Branches:
Dungeon (15/15)            Temple (1/1) D:6            Lair (8/8) D:9
 Shoals (4/4) Lair:4       Spider (4/4) Lair:3        Slime (6/6) Lair:6
    Orc (4/4) D:12            Elf (3/3) Orc:4        Vaults (5/5) D:14
  Crypt (3/3) Vaults:3       Tomb (3/3) Crypt:3      Depths (4/5) D:15

Altars:
Ashenzari
Cheibriados
Dithmenos
Elyvilon
Fedhas
Gozag
Makhleb
Nemelex Xobeh
Okawaru
Qazlal
Ru
Sif Muna
Trog
Xom
Yredelemnul
Zin
The Shining One
Beogh
Jiyva

Shops:
D:5 [   D:8 *=   Orc:2 %   Orc:4 *(!=   Elf:3 *

Portals:
Hell: Depths:3
Pandemonium: Depths:3


Innate Abilities, Weirdness & Mutations

You reflexively headbutt those who attack you in melee.
You have a pair of horns on your head.
You have a beak for a mouth.
Scrolls take you longer to read.
You can breathe flames.
Armour fits poorly on your strangely shaped body.
You are frail (-10% HP).
Your magical capacity is low (-10% MP).
Your muscles are strong. (Str +2)


Message History

Unknown command.
Unknown command.
Drink which item? (? for menu, Esc to quit)
You feel better.
You are engulfed in poison gas.
You are poisoned.
* * * LOW HITPOINT WARNING * * *
You feel sick. The Ice Fiend gestures at you. The bolt of cold misses you.
Unknown command.
Unknown command.
Unknown command.
Drink which item? (? for menu, Esc to quit)
You feel better.
You are engulfed in poison gas.
You are poisoned.
* * * LOW HITPOINT WARNING * * *
You feel sick. The Ice Fiend claws you!
* * * LOW HITPOINT WARNING * * *
The Ice Fiend freezes you!! You resist.
You die...

#.# #.# #.# #2# #.#
#.# #. #.# #.# #.#
#.# #.# .# #.# #.#
#.# #.#
#.######.#####§###§.#
.......$...).§)1@§.#
...(.......#######..#
.....?.....# #.#
...........# .#
...........#
...........#
.............
#####.######## #.#


You could see an Ice Fiend.

Vanquished Creatures
  the royal jelly (Slime:6)
  2 pandemonium lords (Pan)
  Mnoleg (Pan)
  An ancient lich (Vaults:5)
  Mennas (Vaults:4)
  The ghost of Zooty the Draconian Blade, a master DrBe of Trog (Tomb:2)
  37 greater mummies
  4 golden dragons
  9 liches
  A Brimstone Fiend (Pan)
  11 tentacled monstrosities
  Rupert (Lair:4)
  A shard shrike skeleton (Crypt:2)
  2 Hell Sentinels (Pan)
  2 titans (Vaults:5)
  15 acid blobs
  2 deep elf blademasters (Elf:3)
  4 tentacled starspawn (Abyss:3)
  10 sphinxes
  An Executioner (Pan)
  6 ancient champions
  An eldritch tentacle (Pan)
  An octopode crusher (Depths:4)
  Gastronok (D:8)
  Kirke (Lair:8)
  4 shadow dragons
  4 revenants
  8 daevas (Pan)
  4 tengu reavers
  14 azure jellies
  10 deep elf sorcerers
  An orc warlord (Vaults:4)
  2 iron dragons (Vaults:5)
  5 emperor scorpions (Spider:4)
  8 fire giants
  7 frost giants
  A ghost moth (Spider:4)
  16 vault wardens
  A curse skull (Crypt:3)
  13 cacodemons (Pan)
  A ghoul (Crypt:2)
  9 very ugly things
  4 angels (Pan)
  12 ironheart preservers
  14 stone giants
  2 starcursed masses (Abyss:3)
  6 deep elf demonologists
  2 chaos champions (Pan)
  3 apis (Pan)
  18 bennus
  2 salamander stormcallers
  9 deep elf annihilators
  A black sun (Pan)
  A fire dragon (shapeshifter) (Vaults:5)
  Snorg (Lair:4)
  2 fire dragons
  A blizzard demon (Pan)
  2 green deaths (Pan)
  5 deep elf death magi
  4 eidola
  7 jiangshi
  25 mummy priests
  2 merfolk impalers (Shoals:4)
  7 death oozes (Slime:6)
  6 ettins
  10 yaktaur captains
  28 vault guards
  3 deep elf high priests
  9 great orbs of eyes
  5 hydras
  Harold (D:11)
  A rakshasa (Vaults:2)
  6 entropy weavers
  6 ice dragons
  3 spriggan air magi (Depths:3)
  3 monstrous demonspawn (Pan)
  A death knight (Crypt:2)
  2 centaur warriors
  Erolcha (D:13)
  11 ogre magi
  2 catoblepae (Lair:8)
  A satyr (Shoals:4)
  A merfolk aquamancer (Shoals:4)
  2 deep troll earth magi
  2 dancing weapons
  8 sun demons
  2 spriggan berserkers (Depths:3)
  4 tengu warriors
  A hell knight (Elf:3)
  18 death yaks
  5 orc high priests
  6 thrashing horrors (Abyss:3)
  17 soul eaters (Pan)
  A shock serpent (shapeshifter) (Vaults:5)
  A storm dragon zombie (D:15)
  12 deep elf knights
  17 skeletal warriors
  A wretched star (Abyss:3)
  An iron troll (Crypt:2)
  A fire crab (Vaults:2)
  5 ice devils (Pan)
  3 cherubim (Pan)
  3 unseen horrors
  15 deep trolls
  2 sea snakes
  28 death scarabs
  3 gelid demonspawn (Pan)
  2 infernal demonspawn (Pan)
  14 shadow wraiths
  6 giant orange brains
  A shadow dragon zombie (Crypt:2)
  6 deep elf summoners
  2 torturous demonspawn (Pan)
  11 ironbrand convokers
  3 putrid demonspawn (Pan)
  Pikel (D:6)
  8 orc knights
  A wolf spider zombie (D:8)
  24 anubis guards
  A golden dragon skeleton (Crypt:2)
  11 orb spiders
  4 lindwurms (Lair:3)
  18 hill giants
  A harpy (shapeshifter) (Vaults:4)
  10 flayed ghosts
  A mana viper (shapeshifter) (Vaults:2)
  An iron dragon zombie (Crypt:2)
  2 fauns (Shoals:4)
  8 harpies
  22 phantasmal warriors
  2 hornets
  A wizard (Elf:3)
  A shadow dragon skeleton (Tomb:3)
  4 manticores
  2 necromancers
  11 deep elf conjurers
  3 griffons
  3 shining eyes
  5 ugly things
  A water nymph (Shoals:1)
  2 worldbinders (Abyss:3)
  2 cyclopes
  A fire giant skeleton (Tomb:2)
  4 elephants
  2 orc sorcerers (Orc:4)
  2 sirens (Shoals:4)
  10 vault sentinels
  A moth of wrath (Spider:4)
  A rust devil (Depths:3)
  17 wolf spiders
  7 spiny frogs
  9 smoke demons (Pan)
  4 torpor snails (Depths:3)
  9 orange demons (Pan)
  An apocalypse crab (Abyss:3)
  A gargoyle (D:12)
  2 eyes of devastation
  2 black mambas
  3 centaur skeletons
  3 kobold demonologists
  15 sixfirhies
  A dire elephant skeleton (Crypt:2)
  A tormentor (Abyss:3)
  A yaktaur (shapeshifter) (Vaults:4)
  2 fire drakes
  4 demonic crawlers
  41 yaktaurs
  A spiny frog (shapeshifter) (Vaults:2)
  An emperor scorpion zombie (Tomb:2)
  A sea snake skeleton (Crypt:1)
  A blue devil (Pan)
  6 hellwings
  An efreet (D:13)
  11 deep elf priests
  32 guardian mummies
  18 jumping spiders
  3 tengu conjurers
  4 komodo dragons
  A red devil (Tomb:1)
  9 polar bears
  5 trolls
  4 raiju (Abyss:3)
  2 ancient zymes (Abyss:3)
  A giant leech (shapeshifter) (Vaults:5)
  7 freezing wraiths
  A minotaur zombie (Crypt:3)
  A blink frog (shapeshifter) (Depths:4)
  4 merfolk
  Prince Ribbit (D:8)
  A boulder beetle (Vaults:1)
  18 two-headed ogres
  A hornet zombie (Crypt:3)
  2 spectral guardian serpents (Crypt:2)
  A harpy skeleton (Crypt:2)
  A boulder beetle (shapeshifter) (Vaults:4)
  A snapping turtle (Shoals:1)
  20 ushabtiu
  72 slime creatures
  2 trapdoor spider zombies
  A raiju (shapeshifter) (Depths:3)
  8 wraiths
  2 ice dragon zombies
  A minotaur skeleton (Crypt:2)
  2 fire dragon zombies
  A jumping spider zombie (Crypt:2)
  35 flying skulls
  A deep troll zombie (D:15)
  A deep troll skeleton (D:15)
  A trapdoor spider (shapeshifter) (Vaults:5)
  14 deep elf magi
  11 blink frogs
  29 redbacks
  The ghost of septik the Magician, an amateur DEFE of Vehumet (D:6)
  A hog (shapeshifter) (Vaults:4)
  11 shadows
  7 small abominations
  A satyr skeleton (Crypt:2)
  3 water elementals
  2 hogs (Lair:8)
  11 tarantellas
  32 yaks
  2 spriggans (shapeshifter)
  A tarantella (shapeshifter) (Vaults:2)
  2 humans
  3 basilisks
  A steam dragon (D:15)
  6 air elementals (Depths:3)
  4 vampires
  Eustachio (D:5)
  A wind drake zombie (Crypt:2)
  15 deep elf fighters
  14 trapdoor spiders
  10 ynoxinuls
  4 vampire mosquitoes (Vaults:1)
  6 chaos spawn (Pan)
  6 wargs
  4 hungry ghosts
  14 neqoxecs
  9 porcupines
  A water nymph zombie (Crypt:3)
  A soldier ant (D:14)
  18 wolves
  2 hippogriffs
  7 water moccasins
  10 golden eyes
  5 black bears
  24 orc warriors
  A sky beast (D:9)
  17 spiders
  50 ogres
  11 centaurs
  5 boggarts (Vaults:3)
  3 phantoms
  4 slaves (D:6)
  2 snapping turtle skeletons (Tomb:3)
  13 crocodiles
  7 eyes of draining
  19 large abominations
  3 big kobolds
  A brain worm (Pan)
  Blork the orc (D:5)
  4 gnoll sergeants (D:9)
  A yaktaur skeleton (Crypt:3)
  3 scorpions
  A glowing shapeshifter simulacrum (Vaults:1)
  3 wyvern skeletons
  7 giant frogs
  A water moccasin zombie (D:9)
  2 human simulacra
  A wight (D:15)
  2 giant frog zombies
  5 crimson imps
  22 jellies
  43 orc wizards
  3 human zombies (Depths:4)
  13 worker ants
  A gnoll shaman (D:9)
  9 hounds
  39 orc priests
  Terence (D:3)
  7 iguanas
  24 sheep
  A tengu zombie (Crypt:3)
  29 mummies
  2 hound skeletons
  10 gnolls
  8 adders
  13 river rats
  8 white imps
  2 giant eyeballs (Pan)
  An ufetubus (Abyss:3)
  2 adder skeletons
  4 giant geckos
  159 orcs
  A ball python (D:7)
  2 bats
  5 giant cockroaches
  3 goblins
  A hobgoblin (D:2)
  A quokka (D:4)
  A giant gecko skeleton (D:4)
  A giant gecko zombie (D:8)
  6 jackals
  A jackal zombie (D:9)
  5 kobolds
  8 rats
  A river rat skeleton (Crypt:3)
  A lurking horror (Abyss:3)
  2 plants
  3 starspawn tentacles (Abyss:3)
2143 creatures vanquished.

Vanquished Creatures (collateral kills)
  A daeva (Pan)
  An emperor scorpion (Spider:4)
  A deep elf death mage (Elf:3)
  A catoblepas (Lair:8)
  An orb spider (Spider:4)
  3 elephants (Lair:3)
  2 trapdoor spiders (Spider:4)
  A yak (Lair:4)
  A large abomination (Abyss:3)
  A starspawn tentacle (Abyss:3)
13 creatures vanquished.

Vanquished Creatures (others)
  A lich (Depths:3)
  A shadow dragon (Depths:3)
  A storm dragon (Depths:3)
  2 fire giants
  4 stone giants
  A bennu (Tomb:2)
  A merfolk javelineer (Shoals:4)
  A mummy priest (Tomb:2)
  2 yaktaur captains
  A satyr (Shoals:4)
  2 centaur warriors
  A skeletal warrior (Tomb:2)
  A ball lightning (Tomb:2)
  A death scarab (Tomb:1)
  2 cyclopes (D:13)
  An anaconda simulacrum (Tomb:2)
  19 yaktaurs
  2 humans (Lair:8)
  A deep elf fighter (Vaults:3)
  2 centaurs
  2 mummies
  A river rat (Lair:8)
  3 orcs
  A crawling corpse (Vaults:4)
  9 eldritch tentacle segments (Pan)
  5 lost souls
  5 plants
  14 starspawn tentacles (Abyss:3)
  122 starspawn tentacle segments (Abyss:3)
209 creatures vanquished.

Grand Total: 2365 creatures vanquished

Notes
Turn   | Place    | Note
--------------------------------------------------------------
     0 | D:1      | 4thArraOfDagon the Minotaur Berserker began the quest for the Orb.
     0 | D:1      | Reached XP level 1. HP: 19/19 MP: 0/0
    71 | D:2      | Reached skill level 4 in Axes
    71 | D:2      | Reached XP level 2. HP: 22/27 MP: 1/1
   145 | D:3      | Noticed Terence
   153 | D:3      | Killed Terence
   153 | D:3      | Reached XP level 3. HP: 14/33 MP: 2/2
   160 | D:4      | Found a glowing silver altar of Zin.
   160 | D:4      | Noticed an ogre
   220 | D:3      | Found a glowing drain.
   245 | Sewer    | Entered a sewer
   253 | Sewer    | Reached ** piety under Trog
   253 | Sewer    | Reached XP level 4. HP: 14/41 MP: 3/3
   291 | Sewer    | Noticed a big kobold
   310 | Sewer    | Killed a big kobold
   310 | Sewer    | Reached skill level 5 in Axes
   310 | Sewer    | Reached XP level 5. HP: 18/47 MP: 4/4
   329 | Sewer    | Found a glowing silver altar of Zin.
   399 | D:4      | Reached skill level 5 in Fighting
   401 | D:4      | Killed an ogre
   401 | D:4      | Reached skill level 6 in Axes
   401 | D:4      | Reached XP level 6. HP: 24/56 MP: 5/5
   470 | D:4      | Noticed an ogre
   479 | D:4      | Killed an ogre
   520 | D:4      | You fall through a shaft!
   520 | D:5      | Entered Level 5 of the Dungeon
   520 | D:5      | Noticed Blork the orc
   521 | D:5      | Found an opulent altar of Gozag.
   533 | D:5      | Killed Blork the orc
   533 | D:5      | Reached skill level 7 in Axes
   536 | D:5      | Reached skill level 5 in Armour
   536 | D:5      | Reached XP level 7. HP: 50/62 MP: 6/6
   616 | D:5      | Found Juit's Antique Armour Emporium.
   719 | D:6      | Noticed Pikel
   739 | D:6      | Killed Pikel
   739 | D:6      | Reached skill level 8 in Axes
   739 | D:6      | Reached XP level 8. HP: 64/73 MP: 7/7
   743 | D:6      | Reached skill level 9 in Axes
   826 | D:6      | Noticed septik's ghost (amateur DEFE)
   909 | D:8      | Noticed Gastronok
   929 | D:8      | Killed Gastronok
   929 | D:8      | Reached skill level 11 in Axes
   929 | D:8      | Reached XP level 9. HP: 15/82 MP: 8/8
   942 | D:8      | Noticed Prince Ribbit
   996 | D:8      | Found Baylauwa's General Store.
  1015 | D:8      | Found Simel's Jewellery Boutique.
  1017 | D:8      | Bought a scroll of magic mapping for 35 gold pieces
  1017 | D:8      | Bought a scroll of remove curse for 30 gold pieces
  1020 | D:8      | Noticed a wolf spider zombie
  1037 | D:8      | Killed a wolf spider zombie
  1037 | D:8      | Reached skill level 12 in Axes
  1131 | D:9      | Gained mutation: You can breathe flames. [mutagenic meat]
  1208 | D:9      | Reached XP level 10. HP: 91/91 MP: 7/9
  1314 | D:9      | Reached *** piety under Trog
  1355 | D:9      | Reached skill level 10 in Fighting
  1355 | D:9      | Reached skill level 13 in Axes
  1413 | D:9      | Found a staircase to the Lair.
  1460 | D:9      | Found a burning altar of Makhleb.
  1460 | D:9      | Noticed a balrug
  1460 | D:9      | Noticed a hill giant
  1472 | D:9      | Killed a hill giant
  1542 | D:10     | Entered Level 10 of the Dungeon
  1583 | D:10     | Reached skill level 10 in Armour
  1660 | D:11     | Noticed a cyclops
  1739 | D:11     | Noticed Harold
  1753 | D:11     | Killed Harold
  1753 | D:11     | Reached skill level 14 in Axes
  1753 | D:11     | Reached XP level 11. HP: 85/101 MP: 7/10
  1868 | D:12     | Found a staircase to the Orcish Mines.
  1888 | Orc:1    | Entered Level 1 of the Orcish Mines
  2100 | Orc:1    | Reached **** piety under Trog
  2377 | Orc:3    | Reached ***** piety under Trog
  2472 | Orc:4    | Entered Level 4 of the Orcish Mines
  2535 | Orc:4    | Found a roughly hewn altar of Beogh.
  2645 | Orc:4    | Reached skill level 1 in Maces & Flails
  2714 | Orc:4    | Found a staircase to the Elven Halls.
  2799 | Orc:4    | Reached skill level 5 in Maces & Flails
  2801 | Orc:4    | Noticed an orc high priest
  2808 | Orc:4    | Killed an orc high priest
  2809 | Orc:4    | Noticed an orc high priest
  2817 | Orc:4    | Killed an orc high priest
  2823 | Orc:4    | Noticed an orc high priest
  2823 | Orc:4    | Noticed an orc high priest
  2851 | Orc:4    | Killed an orc high priest
  2861 | Orc:4    | Killed an orc high priest
  2865 | Orc:4    | Received a gift from Trog
  2931 | Orc:4    | Found Buicir's General Store.
  2931 | Orc:4    | Found Tiytal's Distillery.
  2932 | Orc:4    | Found Yvatilell's Jewellery Emporium.
  2936 | Orc:4    | Found Menkywaech's Weapon Shoppe.
  3104 | Orc:4    | Reached skill level 10 in Maces & Flails
  3104 | Orc:4    | Reached XP level 12. HP: 110/110 MP: 9/11
  3300 | Orc:2    | Found a roughly hewn altar of Beogh.
  3310 | Orc:2    | Received a gift from Trog
  3329 | Orc:2    | Found Waje's Food Boutique.
  3745 | D:8      | Bought the +10 morningstar "Saduth" {crush, rElec rF+ Str+4} for 854 gold pieces
  3765 | D:8      | Killed Prince Ribbit
  3805 | Lair:1   | Entered Level 1 of the Lair of Beasts
  3855 | Lair:1   | Found a stormy altar of Qazlal.
  4036 | Lair:3   | HP: 7/165 [poisoned by a spiny frog]
  4038 | Lair:3   | HP: 3/110 [poisoned by a spiny frog]
  4261 | Lair:4   | Reached skill level 1 in Shields
  4321 | Lair:4   | Reached skill level 5 in Shields
  4436 | Lair:5   | Noticed a four-headed hydra
  4439 | Lair:5   | Reached XP level 13. HP: 112/116 MP: 10/12
  4448 | Lair:5   | Killed a four-headed hydra
  4509 | Lair:5   | Got a jewelled ring mail
  4550 | Lair:5   | Got a slimy battleaxe
  4551 | Lair:5   | Identified the +0 battleaxe of Resourcefulness {freeze, Str+8 Dex-2 Stlth-} (You found it on level 5 of the Lair of Beasts)
  4553 | Lair:5   | Identified the +4 ring mail "Beonuril" {rC++} (You found it on level 5 of the Lair of Beasts)
  4593 | Lair:5   | Noticed a seven-headed hydra
  4604 | Lair:5   | Killed a seven-headed hydra
  4747 | Lair:6   | Reached skill level 10 in Shields
  4925 | Lair:8   | Entered Level 8 of the Lair of Beasts
  5015 | Lair:8   | Identified a +2 rod of inaccuracy (13/13) (You found it on level 8 of the Lair of Beasts)
  5035 | Lair:8   | Noticed Kirke
  5059 | Lair:8   | Killed Kirke
  5218 | Lair:8   | Received a gift from Trog
  5290 | Lair:8   | Reached XP level 14. HP: 116/124 MP: 13/13
  5596 | Lair:6   | Found a staircase to the Slime Pits.
  6044 | Elf:1    | Entered Level 1 of the Elven Halls
  6152 | Elf:1    | Reached skill level 15 in Shields
  6244 | Elf:1    | Reached skill level 1 in Evocations
  6363 | Elf:3    | Entered Level 3 of the Elven Halls
  6453 | Elf:3    | Found Avairere's Assorted Antiques.
  6504 | Elf:3    | Bought a scroll labeled YSCHIU TOTACVOA for 31 gold pieces
  6556 | Elf:3    | Cast into the Abyss (a wizard)
  6644 | Abyss:2  | Found a corrupted altar of Lugonu.
  6920 | Abyss:3  | Noticed a cacodemon
  6937 | Abyss:3  | Identified a scroll of acquirement
  6944 | Abyss:3  | :(
  7028 | Abyss:3  | Noticed a tentacled starspawn
  7183 | Abyss:3  | Noticed a tentacled starspawn
  7188 | Abyss:3  | Killed a tentacled starspawn
  7217 | Abyss:3  | Noticed a tentacled starspawn
  7229 | Abyss:3  | Killed a tentacled starspawn
  7240 | Abyss:3  | Noticed a lich
  7242 | Abyss:3  | Noticed a tentacled starspawn
  7250 | Abyss:3  | Killed a lich
  7250 | Abyss:3  | Reached XP level 15. HP: 77/134 MP: 8/17
  7251 | Abyss:3  | Noticed a tentacled starspawn
  7261 | Abyss:3  | Killed a tentacled starspawn
  7261 | Abyss:3  | Reached skill level 5 in Evocations
  7264 | Abyss:3  | Killed a tentacled starspawn
  7271 | Abyss:3  | HP: 10/201 [something (11)]
  7275 | Abyss:3  | HP: 4/134 [raiju/living lightning (3)]
  7352 | Abyss:3  | Got an abyssal rune of Zot
  7439 | Elf:3    | Escaped the Abyss
  7758 | Elf:3    | Noticed a deep elf sorcerer
  7770 | Elf:3    | Killed a deep elf sorcerer
  7772 | Elf:3    | Noticed a deep elf sorcerer
  7772 | Elf:3    | Noticed a deep elf blademaster
  7791 | Elf:3    | Killed a deep elf blademaster
  7793 | Elf:3    | Killed a deep elf sorcerer
  7793 | Elf:3    | Received a gift from Trog
  7817 | Elf:3    | Noticed a Shadow Fiend
  7839 | Elf:3    | Noticed a deep elf sorcerer
  7851 | Elf:3    | Killed a deep elf sorcerer
  7855 | Elf:3    | Noticed a deep elf sorcerer
  7865 | Elf:3    | Killed a deep elf sorcerer
  7871 | Elf:3    | Got a slimy pewter amulet
  7872 | Elf:3    | Identified the amulet "Aneacs" {rCorr rF+ Str+3 Dex+4} (You took it off a deep elf death mage on level 3 of the Elven Halls)
  7962 | Elf:3    | Reached skill level 15 in Armour
  7978 | Elf:3    | Noticed a deep elf sorcerer
  7980 | Elf:3    | Killed a deep elf sorcerer
  7999 | Elf:3    | Noticed a deep elf blademaster
  8009 | Elf:3    | Killed a deep elf blademaster
  8009 | Elf:3    | Reached XP level 16. HP: 136/147 MP: 19/21
  8026 | Elf:3    | Noticed a deep elf sorcerer
  8047 | Elf:3    | Killed a deep elf sorcerer
  8168 | Elf:3    | Got an ancient great mace
  8174 | Elf:3    | Got a spiked chain mail
  8199 | Elf:3    | Identified the +8 chain mail of Abuotz {+Inv MR++ MP-9 Dex+4} (You found it on level 3 of the Elven Halls)
  8239 | Elf:3    | Noticed a deep elf sorcerer
  8242 | Elf:3    | Noticed a deep elf sorcerer
  8244 | Elf:3    | Killed a deep elf sorcerer
  8255 | Elf:3    | Killed a deep elf sorcerer
  8263 | Elf:3    | Got a translucent lead ring
  8286 | Elf:3    | Noticed a deep elf sorcerer
  8300 | Elf:3    | Killed a deep elf sorcerer
  8332 | Elf:3    | Got a slimy cloak
  8338 | Elf:3    | Identified the +0 cloak of the Ecumenical Temple {-Cast rF+++ Int+3} (You found it on level 3 of the Elven Halls)
  8342 | Elf:3    | Identified the ring of the Scarab {+Fly rN+ Dex+6} (You took it off a deep elf sorcerer on level 3 of the Elven Halls)
  8344 | Elf:3    | Got a pitted brass ring
  8347 | Elf:3    | Identified the ring of Curiosity {rElec rF- Int+3 Dex+4 SInv} (You found it on level 3 of the Elven Halls)
  8349 | Elf:3    | Got a scintillating ivory ring
  8351 | Elf:3    | Identified the ring "Jov Sui" {rC+ Int+9 Dex-5 SInv} (You found it on level 3 of the Elven Halls)
  8389 | Elf:3    | no tele=walking simulator v.9
  8630 | Orc:4    | Bought the ring of Bifoyrast {*Corrode rPois rF+++ Dex+4} for 1014 gold pieces
  8630 | Orc:4    | Bought an uncursed amulet of clarity for 300 gold pieces
  8630 | Orc:4    | Bought a cursed ring of loudness for 67 gold pieces
  8632 | Orc:4    | Bought a potion of heal wounds for 60 gold pieces
  8632 | Orc:4    | Bought a potion of mutation for 30 gold pieces
  8632 | Orc:4    | Gained mutation: Your muscles are strong. (Str +2) [potion of mutation]
  8632 | Orc:4    | Gained mutation: Your muscles are very strong. (Str +4) [potion of mutation]
  8632 | Orc:4    | Gained mutation: You have a beak for a mouth. [potion of mutation]
  8753 | D:11     | Killed a cyclops
  8889 | Lair:4   | You fall through a shaft!
  8903 | Lair:5   | Noticed a seven-headed hydra
  8909 | Lair:5   | Killed a seven-headed hydra
  8933 | Lair:4   | Noticed Snorg
  8942 | Lair:4   | Killed Snorg
  8942 | Lair:4   | Reached skill level 15 in Fighting
  8959 | Lair:4   | Found a staircase to the Shoals.
  8963 | Shoals:1 | Entered Level 1 of the Shoals
  9118 | Shoals:4 | Entered Level 4 of the Shoals
  9191 | Shoals:4 | Reached skill level 5 in Dodging
  9215 | Shoals:4 | Reached skill level 16 in Armour
  9243 | Shoals:4 | Got a barnacled rune of Zot
  9401 | Lair:4   | Noticed Rupert
  9412 | Lair:4   | Killed Rupert
  9474 | Lair:3   | Found a hole to the Spider Nest.
  9506 | Spider:1 | Entered Level 1 of the Spider Nest
  9526 | Spider:1 | Identified the cursed +1 great mace of the Mouth {freeze, rPois Str+2} (You found it on level 3 of the Elven Halls)
  9557 | Spider:2 | You fall through a shaft!
  9610 | Spider:4 | Entered Level 4 of the Spider Nest
  9772 | Spider:4 | Received a gift from Trog
  9947 | Spider:4 | Received a gift from Trog
 10066 | Spider:4 | Reached skill level 10 in Dodging
 10095 | Spider:4 | Reached XP level 17. HP: 146/156 MP: 11/22
 10273 | Spider:4 | Got a gossamer rune of Zot
 10586 | Slime:1  | Entered Level 1 of the Pits of Slime
 10854 | Slime:6  | Entered Level 6 of the Pits of Slime
 10971 | Slime:6  | Received a gift from Trog
 10984 | Slime:6  | Reached skill level 15 in Dodging
 11013 | Slime:6  | Found a viscous altar of Jiyva.
 11015 | Slime:6  | Noticed the royal jelly
 11032 | Slime:6  | Killed the royal jelly
 11032 | Slime:6  | Reached XP level 18. HP: 147/163 MP: 11/23
 11135 | Slime:6  | Got a slimy rune of Zot
 11258 | Slime:6  | Got a transparent shield
 11357 | Lair:6   | Identified the +4 shield "Eluizecw" {+Inv Stlth+} (You found it on level 6 of the Pits of Slime)
 11488 | D:9      | :(
 11566 | D:6      | Found a sacrificial altar of Ru.
 11578 | D:5      | Noticed Eustachio
 11588 | D:5      | Killed Eustachio
 12031 | D:6      | Killed septik's ghost
 12186 | D:6      | Found a staircase to the Ecumenical Temple.
 12200 | Temple   | Entered the Ecumenical Temple
 12238 | Temple   | Fell from the grace of Trog
 12238 | Temple   | Became a worshipper of Cheibriados the Contemplative
 12312 | D:8      | Bought an uncursed amulet of regeneration for 420 gold pieces
 12460 | D:8      | Reached * piety under Cheibriados
 12506 | D:10     | Reached skill level 1 in Invocations
 12660 | D:12     | Noticed a hill giant
 12665 | D:12     | Killed a hill giant
 12784 | D:13     | Noticed Erolcha
 12790 | D:13     | Killed Erolcha
 12848 | D:13     | You fall through a shaft for 2 floors!
 12848 | D:15     | Entered Level 15 of the Dungeon
 12865 | D:15     | tele?
 12904 | D:15     | Reached ** piety under Cheibriados
 13050 | D:14     | Reached skill level 5 in Invocations
 13073 | D:14     | Reached *** piety under Cheibriados
 13543 | D:14     | Found a gate to the Vaults.
 13578 | Vaults:1 | Entered Level 1 of the Vaults
 13588 | Vaults:1 | Reached **** piety under Cheibriados
 13809 | Vaults:1 | Reached ***** piety under Cheibriados
 13866 | Vaults:1 | Got a brightly glowing bronze amulet
 13868 | Vaults:1 | Identified the amulet of Lurriasi {Clar rElec rF- Int+8} (You found it on level 1 of the Vaults)
 13869 | Vaults:1 | n1
 13965 | Vaults:1 | Reached skill level 10 in Invocations
 14064 | Vaults:2 | Reached XP level 19. HP: 170/170 MP: 17/26
 14111 | Vaults:2 | Noticed a lich
 14126 | Vaults:2 | Killed a lich
 14126 | Vaults:2 | Reached skill level 17 in Dodging
 14268 | Vaults:2 | Learned a level 1 spell: Apportation
 14271 | Vaults:2 | Learned a level 2 spell: Blink
 14276 | Vaults:2 | Learned a level 4 spell: Passage of Golubria
 14407 | Vaults:2 | Reached skill level 1 in Translocations
 14412 | Vaults:2 | Reached skill level 1 in Spellcasting
 14610 | Vaults:2 | tele?
 14712 | Vaults:3 | You fall through a shaft!
 14772 | Vaults:5 | Entered Level 5 of the Vaults
 14776 | Vaults:5 | Noticed Mennas
 14788 | Vaults:4 | Reached skill level 18 in Dodging
 14801 | Vaults:4 | Reached ****** piety under Cheibriados
 14861 | Vaults:4 | Killed Mennas
 14959 | Vaults:5 | Reached skill level 5 in Translocations
 15001 | Vaults:5 | Reached XP level 20. HP: 179/179 MP: 18/27
 15088 | Vaults:5 | Got an ancient shield
 15109 | Vaults:5 | Identified the cursed +0 shield of Circular Logic {rF+++ rC- Str+5} (You took it off an ironheart preserver on level 5 of the Vaults)
 15121 | Vaults:5 | no logic at all
 15158 | Vaults:5 | Reached skill level 19 in Dodging
 15366 | Vaults:5 | Noticed a golden dragon
 15373 | Vaults:5 | Killed a golden dragon
 15459 | Vaults:5 | Noticed an ancient lich
 15465 | Vaults:5 | Killed an ancient lich
 15543 | Vaults:5 | Noticed a golden dragon
 15548 | Vaults:5 | Killed a golden dragon
 15571 | Vaults:5 | Reached skill level 20 in Dodging
 15580 | Vaults:5 | Reached skill level 5 in Spellcasting
 15600 | Vaults:5 | Identified the Grimoire of Fire (You found it on level 5 of the Vaults)
 15716 | Vaults:5 | Reached XP level 21. HP: 185/185 MP: 19/28
 15751 | Vaults:5 | Noticed a golden dragon
 15757 | Vaults:5 | Killed a golden dragon
 15796 | Vaults:5 | Got a silver rune of Zot
 16040 | Vaults:4 | ROTFL
 16372 | Vaults:3 | Reached skill level 21 in Dodging
 16387 | Vaults:3 | Found a staircase to the Crypt.
 16392 | Crypt:1  | Entered Level 1 of the Crypt
 16603 | Crypt:3  | Entered Level 3 of the Crypt
 16616 | Crypt:3  | Got a pitted large shield
 16617 | Crypt:3  | Identified the cursed +0 large shield of the Cast Vote {Int+4} (You found it on level 3 of the Crypt)
 16732 | Crypt:3  | Found a basalt altar of Yredelemnul.
 16799 | Crypt:3  | Reached XP level 22. HP: 164/195 MP: 20/29
 16863 | Crypt:3  | Reached skill level 22 in Dodging
 17027 | Crypt:3  | Identified the Reference Book on Hurtful Toxins (You found it on level 3 of the Crypt)
 17031 | Crypt:3  | Learned a level 2 spell: Cure Poison
 17149 | Crypt:3  | Found a staircase to the Tomb.
 17157 | Tomb:1   | Entered Level 1 of the Tomb of the Ancients
 17370 | Tomb:1   | Noticed a greater mummy
 17555 | Tomb:1   | Was forgiven by Trog
 17819 | Tomb:1   | Killed a greater mummy
 17849 | Tomb:1   | Reached skill level 23 in Dodging
 17921 | Tomb:2   | Noticed a greater mummy
 17924 | Tomb:2   | Noticed a greater mummy
 17924 | Tomb:2   | Noticed a greater mummy
 17988 | Tomb:2   | Noticed a greater mummy
 17995 | Tomb:1   | Killed a greater mummy
 18000 | Tomb:1   | Killed a greater mummy
 18009 | Tomb:1   | Killed a greater mummy
 18103 | Tomb:1   | Killed a greater mummy
 18119 | Tomb:2   | Noticed Zooty's ghost (master DrBe)
 18202 | Tomb:2   | Killed Zooty's ghost
 18466 | Tomb:1   | Noticed a greater mummy
 18473 | Tomb:1   | Killed a greater mummy
 18473 | Tomb:1   | Reached XP level 23. HP: 187/205 MP: 19/30
 18488 | Tomb:1   | Noticed a greater mummy
 18492 | Tomb:1   | Killed a greater mummy
 18492 | Tomb:1   | Reached skill level 24 in Dodging
 18494 | Tomb:1   | Noticed a greater mummy
 18506 | Tomb:1   | Killed a greater mummy
 18540 | Tomb:1   | Noticed a greater mummy
 18557 | Tomb:1   | Killed a greater mummy
 18583 | Tomb:1   | Noticed a greater mummy
 18602 | Tomb:1   | Killed a greater mummy
 18643 | Tomb:1   | Noticed a greater mummy
 18646 | Tomb:1   | Noticed a greater mummy
 18651 | Tomb:1   | Noticed a greater mummy
 18651 | Tomb:1   | Killed a greater mummy
 18658 | Tomb:1   | Killed a greater mummy
 18667 | Tomb:1   | Killed a greater mummy
 18745 | Tomb:1   | Noticed a greater mummy
 18753 | Tomb:1   | Killed a greater mummy
 18755 | Tomb:1   | Noticed a greater mummy
 18756 | Tomb:1   | Noticed a greater mummy
 18759 | Tomb:1   | Noticed a greater mummy
 18761 | Tomb:1   | Killed a greater mummy
 18767 | Tomb:1   | Killed a greater mummy
 18774 | Tomb:1   | Killed a greater mummy
 18788 | Tomb:1   | Noticed a greater mummy
 18805 | Tomb:1   | Killed a greater mummy
 18866 | Tomb:1   | Noticed a greater mummy
 18885 | Tomb:1   | Killed a greater mummy
 18911 | Tomb:1   | Noticed a greater mummy
 18922 | Tomb:1   | Killed a greater mummy
 18922 | Tomb:1   | Reached skill level 25 in Dodging
 18933 | Tomb:1   | Noticed a greater mummy
 18961 | Tomb:1   | Noticed a greater mummy
 18973 | Tomb:1   | Killed a greater mummy
 19023 | Tomb:1   | Noticed a greater mummy
 19024 | Tomb:1   | Noticed a greater mummy
 19031 | Tomb:1   | Killed a greater mummy
 19040 | Tomb:1   | Killed a greater mummy
 19143 | Tomb:1   | Noticed a greater mummy
 19154 | Tomb:1   | Killed a greater mummy
 19158 | Tomb:1   | Noticed a greater mummy
 19168 | Tomb:1   | Killed a greater mummy
 19186 | Tomb:1   | Noticed a greater mummy
 19189 | Tomb:1   | Killed a greater mummy
 19198 | Tomb:1   | Killed a greater mummy
 19225 | Tomb:1   | Noticed a greater mummy
 19235 | Tomb:1   | Killed a greater mummy
 19235 | Tomb:1   | Reached XP level 24. HP: 133/223 MP: 18/30
 19251 | Tomb:1   | Noticed a greater mummy
 19259 | Tomb:1   | Killed a greater mummy
 19431 | Tomb:3   | Entered Level 3 of the Tomb of the Ancients
 19504 | Tomb:3   | Noticed a greater mummy
 19540 | Tomb:2   | Reached skill level 26 in Dodging
 19588 | Tomb:3   | Noticed a greater mummy
 19588 | Tomb:3   | Noticed a greater mummy
 19598 | Tomb:2   | Killed a greater mummy
 19651 | Tomb:2   | Killed a greater mummy
 19703 | Tomb:2   | Killed a greater mummy
 19768 | Tomb:3   | Noticed a greater mummy
 19795 | Tomb:2   | Killed a greater mummy
 19960 | Tomb:3   | Got an ancient wooden ring
 19960 | Tomb:3   | Got a crude copper ring
 19961 | Tomb:3   | Identified the ring "Xiustre" {+/*Tele rElec rPois Str+4} (You found it on level 3 of the Tomb of the Ancients)
 19962 | Tomb:3   | Identified the ring of Xom's Best Wishes {MP+9 Dex+4} (You found it on level 3 of the Tomb of the Ancients)
 19966 | Tomb:3   | Identified The Lost Grimoire of Boris (You found it on level 3 of the Tomb of the Ancients)
 19978 | Tomb:3   | Learned a level 8 spell: Controlled Blink
 20033 | Tomb:3   | Noticed a greater mummy
 20049 | Tomb:3   | Killed a greater mummy
 20051 | Tomb:3   | Noticed a greater mummy
 20060 | Tomb:3   | Killed a greater mummy
 20102 | Tomb:3   | Noticed a greater mummy
 20118 | Tomb:3   | Killed a greater mummy
 20131 | Tomb:3   | Noticed a greater mummy
 20144 | Tomb:3   | Killed a greater mummy
 20190 | Tomb:3   | Reached skill level 27 in Dodging
 20197 | Tomb:3   | Got a golden rune of Zot
 20268 | Tomb:3   | Learned a level 5 spell: Phase Shift
 20448 | Crypt:2  | Got a crude chain mail
 20455 | Crypt:2  | Identified the +1 chain mail "Xos Leus" {MR+ Slay+3} (You found it on level 2 of the Crypt)
 20650 | D:15     | Found a staircase to the Depths.
 20674 | Depths:1 | Entered Level 1 of the Depths
 20711 | Depths:2 | Found a snail-covered altar of Cheibriados.
 20925 | Depths:3 | Reached XP level 25. HP: 232/232 MP: 16/30
 20989 | Depths:3 | Found a gateway to Hell.
 21012 | Depths:3 | Found a snail-covered altar of Cheibriados.
 21769 | Depths:3 | Found a one-way gate leading to the halls of Pandemonium.
 21781 | Depths:3 | rly
 21782 | Pan      | Entered Pandemonium
 21788 | Pan      | Noticed Leum the pandemonium lord
 21799 | Pan      | Killed Leum the pandemonium lord
 21867 | Pan      | Gained mutation: Armour fits poorly on your strangely shaped body. [a cacodemon]
 21872 | Pan      | Gained mutation: Scrolls take you a little longer to read. [a cacodemon]
 21915 | Pan      | Found a glowing golden altar of the Shining One.
 21915 | Pan      | Noticed a seraph
 21917 | Pan      | Got a demonic rune of Zot
 21982 | Pan      | Got a scorched large shield
 21985 | Pan      | Identified the +3 large shield of the Kettle-Drum {rElec rF+ MP+9 Dex+2} (You took it off a daeva in Pandemonium)
 22088 | Pan      | Found a glowing silver altar of Zin.
 22289 | Pan      | Found an exit through the horrors of the Abyss.
 22316 | Pan      | Noticed Uduikh the pandemonium lord
 22496 | Pan      | Reached XP level 26. HP: 188/194 MP: 10/24
 22507 | Pan      | Entered the realm of Mnoleg.
 22529 | Pan      | Gained mutation: Your magical capacity is extremely low (-30% MP). [a cacodemon]
 22536 | Pan      | Gained mutation: You are very frail (-20% HP). [a cacodemon]
 22596 | Pan      | Lost mutation: Your muscles are very strong. (Str +4) [a cacodemon]
 22666 | Pan      | Gained mutation: Scrolls take you longer to read. [a shining eye]
 22666 | Pan      | Paralysed by a giant eyeball for 2 turns
 22668 | Pan      | Paralysed by a giant eyeball for 2 turns
 22697 | Pan      | Paralysed by a giant eyeball for 3 turns
 22706 | Pan      | Paralysed by a giant eyeball for 4 turns
 22707 | Pan      | Noticed Mnoleg
 22732 | Pan      | Killed Mnoleg
 22775 | Pan      | Identified Virchuygu's Incunabulum of Icy Augmentations (You found it in Pandemonium)
 22780 | Pan      | Learned a level 3 spell: Regeneration
 22797 | Pan      | Got a glowing rune of Zot
 22815 | Pan      | Reached skill level 1 in Necromancy
 22878 | Pan      | Reached skill level 1 in Charms
 22891 | Pan      | Noticed Paludil the pandemonium lord
 22904 | Pan      | Killed Paludil the pandemonium lord
 22929 | Pan      | Reached skill level 5 in Necromancy
 22978 | Pan      | Mangled by an Ice Fiend

Action                   |  1- 3 |  4- 6 |  7- 9 | 10-12 | 13-15 | 16-18 | 19-21 | 22-24 | 25-27 || total
-------------------------+-------+-------+-------+-------+-------+-------+-------+-------+-------++-------
Melee: Hand axe          |    60 |    63 |    98 |   278 |       |       |       |       |       ||   499
       Battleaxe         |       |       |       |   242 |       |       |       |       |       ||   242
       Morningstar       |       |       |       |   123 |   747 |  1086 |  1017 |  1180 |   698 ||  4851
       War axe           |       |       |       |    23 |       |       |       |       |       ||    23
Throw: Throwing net      |       |       |       |     2 |     1 |       |       |       |       ||     3
 Cast: Apportation       |       |       |       |       |       |       |    11 |    18 |    21 ||    50
       Passage of Golubr |       |       |       |       |       |       |     1 |    14 |     5 ||    20
       Blink             |       |       |       |       |       |       |       |     2 |       ||     2
       Regeneration      |       |       |       |       |       |       |       |       |     1 ||     1
Invok: Berserk           |     2 |     4 |     6 |    17 |    11 |     3 |       |       |       ||    43
       Trog's Hand       |       |     5 |     6 |    30 |    33 |    23 |       |       |       ||    97
       Brothers in Arms  |       |       |       |     1 |     4 |     7 |       |       |       ||    12
       Burn Spellbooks   |       |       |       |       |       |     1 |       |       |       ||     1
       Slouch            |       |       |       |       |       |       |    11 |     8 |     5 ||    24
       Temporal Distorti |       |       |       |       |       |       |     2 |    24 |     2 ||    28
 Abil: Evoke Teleportati |       |       |       |       |       |       |       |     7 |    49 ||    56
Evoke: Wand              |       |       |       |     6 |     5 |    24 |       |    20 |    10 ||    65
       Deck              |       |       |       |       |     4 |     5 |       |       |       ||     9
       Box of beasts     |       |       |       |       |       |     1 |       |       |     4 ||     5
  Use: Potion            |     1 |       |     1 |     6 |     9 |     7 |     2 |     9 |     5 ||    40
       Scroll            |       |       |     5 |     2 |    23 |    24 |    18 |    10 |     7 ||    89
 Stab: Sleeping          |     3 |       |       |       |       |       |       |       |       ||     3
       Held in net/web   |       |       |       |     2 |     1 |       |       |       |       ||     3
       Petrified         |       |       |       |       |     1 |       |       |       |       ||     1
       Distracted        |       |       |       |       |     1 |     3 |       |       |     7 ||    11
  Eat: Chunk             |       |     5 |    10 |    35 |    19 |    11 |       |     2 |    14 ||    96
       Fruit             |       |       |       |       |     3 |     2 |       |     4 |       ||     9
       Royal jelly       |       |       |       |       |     1 |     1 |       |     1 |       ||     3
       Bread ration      |       |       |       |       |     1 |     3 |       |     5 |     1 ||    10
       Pizza             |       |       |       |       |     1 |     7 |     2 |     1 |       ||    11
       Beef jerky        |       |       |       |       |     1 |       |     1 |       |     2 ||     4
       Meat ration       |       |       |       |       |       |       |       |       |     1 ||     1
